 Dungeon Crawl Stone Soup version 0.18-a0-1788-g92de1ac (webtiles) character file.

144129 Moloch the Imperceptible (level 16, 0/72 HPs)
             Began as a Spriggan Enchanter on Apr 18, 2016.
             Was an Initiate of Dithmenos.
             Slain by an anaconda (1 damage)
             ... on level 2 of the Snake Pit on Apr 19, 2016.
             The game lasted 04:00:54 (35361 turns).

Moloch the Imperceptible (Spriggan Enchanter)      Turns: 35361, Time: 04:00:55

Health: 0/72       AC: 11    Str: 12    XL:     16   Next: 84%
Magic:  41/42      EV: 25    Int: 24    God:    Dithmenos [......]
Gold:   352        SH: 13    Dex: 25    Spells: 8 memorised, 23 levels left

rFire  + + .     SeeInvis +     A - +9 dagger (elec)
rCold  + . .     Gourm    .     E - +2 robe {rF+}
rNeg   + . .     Faith    .     h - +3 buckler of Pragmatism {+Fly rC+ MP+9}
rPois  +         Spirit   .     T - +3 crown of Dyrovepreva {rElec Int+2 SInv}
rElec  +         Dismiss  +     C - +1 cloak
rCorr  .         Reflect  .     (gloves unavailable)
SustAt .         Harm     .     (boots unavailable)
MR     +++..                    w - amulet of the Purple Skies {Dismiss Int+3 SInv}
Stlth  ++++++++++               U - ring of Zosch {*Confuse +Blink rElec Str+8 Stlth+}
                                H - ring "Doagec" {rPois rN+ Dex+4}

@: constricted, very quick, extremely resistant to hostile enchantments,
uncannily stealthy
A: unfitting armour, horns 1, large bone plates 1, see invisible, fire
resistance 1, herbivore 3, speed 3, frail 1, low mp 1, magic resistance 1,
electricity resistance, slow metabolism 2, sturdy frame 1
a: Renounce Religion, Evoke Blink, Evoke Flight


You were on level 2 of the Snake Pit.
You worshipped Dithmenos.
Dithmenos was noncommittal.
You were very full.

You visited 6 branches of the dungeon, and saw 29 of its levels.
You also visited: Trove and Ice Cave.

You collected 10883 gold pieces.
You spent 5021 gold pieces at shops.
You paid 5510 gold pieces to Gozag.

Inventory:

Hand Weapons
 q - a +0 blowgun
 A - a +9 dagger of electrocution (weapon)
 G - a +3 rapier of chaos
 O - a +3 dagger of freezing
Missiles
 b - 2 throwing nets (quivered)
 p - 57 poisoned needles
 Z - 3 curare-tipped needles
Armour
 h - the +3 buckler of Pragmatism (worn) {+Fly rC+ MP+9}
   (You found it in a treasure trove)

   It protects you from cold.
   It affects your magic capacity (+9).
   It lets you fly.
 C - a +1 cloak (worn)
 E - a +2 robe of fire resistance (worn)
 L - the +0 hat "Exzirung" {rPois}
   (You found it in a treasure trove)

   It protects you from poison.
 T - the +3 crown of Dyrovepreva (worn) {rElec Int+2 SInv}
   (You bought it in a shop on level 2 of the Orcish Mines)

   It affects your intelligence (+2).
   It insulates you from electricity.
   It lets you see invisible.
 Y - a +2 robe of cold resistance
Magical Staves
 P - an uncursed staff of energy
Jewellery
 n - an uncursed ring of sustain attributes
 w - an amulet of the Purple Skies (around neck) {Dismiss Int+3 SInv}
   (You found it on level 4 of the Lair of Beasts)

   [amulet of dismissal]

   It may teleport away creatures that harm you.
   It affects your intelligence (+3).
   It lets you see invisible.
 y - an uncursed amulet of harm
 H - the ring "Doagec" (left hand) {rPois rN+ Dex+4}
   (You took it off a salamander on level 15 of the Dungeon)

   [ring of poison resistance]

   It affects your dexterity (+4).
   It protects you from poison.
   It protects you from negative energy.
 I - a +5 ring of intelligence
 U - the ring of Zosch (right hand) {*Confuse +Blink rElec Str+8 Stlth+}
   (You found it in a treasure trove)

   [ring of stealth]

   It affects your strength (+8).
   It insulates you from electricity.
   It lets you blink.
   It may confuse you when you take damage.
   It makes you more stealthy.
 V - an uncursed ring of magical power
Wands
 x - a wand of teleportation (9/9)
Scrolls
 f - 6 scrolls of teleportation
 g - 2 scrolls of recharging
 i - 3 scrolls of amnesia
 j - 5 scrolls of identify
 m - 7 scrolls of remove curse
 o - 2 scrolls of holy word
 s - 4 scrolls of magic mapping
 u - 3 scrolls of enchant armour
 B - 6 scrolls of fog
 J - a scroll of brand weapon
 M - 2 scrolls of blinking
 X - 4 scrolls of fear
Potions
 a - 5 potions of haste
 e - 6 potions of agility
 l - 4 potions of resistance
 v - 4 potions of ambrosia
 z - 5 potions of cure mutation
 D - 5 potions of heal wounds
 F - 4 potions of curing
 K - 2 potions of cancellation
 N - a potion of magic
 Q - 3 potions of might
 R - 4 potions of flight
Books
 c - a book of Maledictions

   Spells                             Type                      Level
   a - Corona                         Hexes                        1
   b - Ensorcelled Hibernation        Hexes/Ice                    2
   c - Confuse                        Hexes                        3
   d - Tukima's Dance                 Hexes                        3
   e - Dazzling Spray                 Conjuration/Hexes            3
 S - a book of Transfigurations

   Spells                             Type                      Level
   a - Irradiate                      Conjuration/Transmutation    5
   b - Statue Form                    Transmutation/Earth          6
   c - Hydra Form                     Transmutation                6
   d - Dragon Form                    Transmutation                7
Miscellaneous
 k - a plain deck of wonders {Wild Magic}
 t - a plain deck of war {Repulsiveness}
Comestibles
 d - 23 bread rations
 r - 35 fruits
 W - 2 slices of pizza


   Skills:
 * Level 7.7 Fighting
 * Level 11.3 Short Blades
 * Level 8.8 Dodging
 * Level 23.1 Stealth
 - Level 4.0 Shields
 - Level 16.5 Spellcasting
 - Level 2.9 Conjurations
 - Level 15.6 Hexes
 - Level 5.8 Ice Magic


You had 23 spell levels left.
You knew the following spells:

 Your Spells              Type           Power        Failure   Level  Hunger
a - Corona                Hex            #######      0%          1    None
b - Ensorcelled Hibernat  Hex/Ice        ######       1%          2    None
c - Confuse               Hex            #######.     0%          3    None
d - Tukima's Dance        Hex            #######.     0%          3    None
e - Dazzling Spray        Conj/Hex       ######..     1%          3    None
f - Blink                 Tloc           N/A          6%          2    None
g - Glaciate              Conj/Ice       #####.....   100%        9    #######
h - Sublimation of Blood  Necr           ###.......   6%          2    None


Dungeon Overview and Level Annotations

Branches:
Dungeon (15/15)            Temple (1/1) D:6            Lair (8/8) D:8
  Swamp (0/4) Lair:6        Snake (2/4) Lair:3        Slime (0/6) Lair:8
    Orc (2/2) D:12            Elf (0/3) Orc:2        Vaults (0/5) D:14
 Depths (1/5) D:15

Altars:
Ashenzari
Cheibriados
Dithmenos
Elyvilon
Fedhas
Gozag
Kikubaaqudgha
Makhleb
Nemelex Xobeh
Okawaru
Pakellas
Qazlal
Ru
Sif Muna
Trog
Vehumet
Xom
Yredelemnul
Zin
The Shining One
Beogh
Jiyva

Shops:
D:4 *   D:5 =   D:6 :   D:10 *   D:11 *   Orc:1 %   Orc:2 *(([*[*%   Snake:1 %

Annotations:
D:3 Moloch's ghost, amateur SpEn
Lair:4 exclusion: downstairs
Depths:1 exclusion: ice statue


Innate Abilities, Weirdness & Mutations

You are tiny and cannot use many weapons and most armour.
You have supernaturally acute eyesight.
You are a herbivore.
You cover ground extremely quickly.
You need consume almost no food.
You have a pair of small horns on your head.
You are partially covered in large bone plates (AC +2, SH +2).
Your flesh is heat resistant.
You are frail (-10% HP).
Your magical capacity is low (-10% MP).
You are resistant to hostile enchantments.
You are resistant to electric shocks.
Your movements are slightly less encumbered by armour (ER -2).


Message History

You hear an angry hiss.
The greater naga hits you but does no damage.
You block the anaconda's attack.
* * * LOW HITPOINT WARNING * * *
The anaconda constricts you.
Unknown command.
Unknown command.
You hit the anaconda. Your headbutt misses the anaconda.
The anaconda is almost dead.
The greater naga hits you but does no damage.
You block the anaconda's attack.
* * * LOW HITPOINT WARNING * * *
The anaconda constricts you.
Unknown command.
Unknown command.
You hit the anaconda.
You headbutt the anaconda, but do no damage.
The anaconda is almost dead.
The anaconda completely misses you.
You die...

##......# .....# .
##..##...##....#..
...##........#........
.................#
..####......##...#
..####.)...##......#
.......N#####......#
...####S## #......# .
#..@..# ###...##
....$.....# ...#
.!###.....# ####
##...## #...# #####


You could see a greater naga and an anaconda.

Vanquished Creatures
  Rupert (Snake:1)
  Maud (D:11)
  A frost giant (IceCv)
  An orc warlord (Orc:2)
  2 very ugly things (Depths:1)
  A salamander stormcaller (D:15)
  Nessos (D:14)
  2 ettins
  2 fire dragons (Depths:1)
  2 ogre magi
  Josephine (D:10)
  Harold (D:11)
  4 hydras
  Fannar (Lair:1)
  2 naga warriors (Snake:1)
  An ice dragon (Depths:1)
  4 centaur warriors
  3 death knights
  Erica (D:8)
  A catoblepas (Lair:8)
  2 tengu warriors
  2 naga sharpshooters (Snake:1)
  A shock serpent (Snake:1)
  5 orc high priests (Orc:2)
  Urug (D:11)
  2 hell knights (Depths:1)
  A deep elf knight (D:15)
  26 spriggans
  A salamander mystic (D:15)
  2 naga ritualists
  A wizard (D:14)
  2 skeletal warriors
  5 unseen horrors
  3 phantasmal warriors
  10 hill giants
  4 orc knights (Orc:2)
  A wolf spider zombie (D:15)
  6 orc sorcerers
  2 griffons
  A manticore (D:11)
  4 mana vipers (Snake:1)
  A cyclops (shapeshifter) (D:15)
  4 salamanders
  A cyclops (D:15)
  A guardian serpent (Snake:1)
  18 ugly things
  4 centaur zombies
  15 black mambas
  10 spiny frogs
  3 naga magi (Snake:1)
  2 gargoyles
  2 torpor snails
  2 rime drakes
  8 komodo dragons
  5 yaktaurs
  A redback zombie (D:14)
  A freezing wraith (D:11)
  3 spriggan druids (D:14)
  An ice devil (Depths:1)
  3 trolls
  A tengu conjurer (D:14)
  27 polar bears
  A boulder beetle (Lair:5)
  29 blink frogs
  7 two-headed ogres
  5 slime creatures (D:13)
  3 wyverns
  75 yaks
  6 redbacks (Lair:8)
  3 water elementals (Depths:1)
  11 wraiths
  A shadow (D:14)
  Eustachio (D:6)
  3 basilisks
  3 hungry ghosts
  16 hippogriffs
  Grum (D:9)
  8 nagas
  6 wargs (Orc:2)
  17 water moccasins
  A soldier ant (D:14)
  2 hell hounds (D:8)
  A hell hound (shapeshifter) (D:14)
  38 orc warriors
  13 porcupines
  8 sky beasts
  A phantom (D:8)
  4 ice beasts
  10 wasps
  8 black bears
  2 eyes of draining (D:11)
  17 ogres
  36 wolves
  17 crocodiles
  2 necrophages
  10 centaurs
  4 big kobolds
  25 giant frogs
  A water moccasin skeleton (D:3)
  A scorpion (D:5)
  14 wights
  3 killer bees (D:14)
  2 electric eels
  3 howler monkeys
  12 crimson imps
  5 hounds
  3 giant frog zombies
  A quasit (D:10)
  2 giant frog skeletons
  9 jellies
  31 orc priests
  Crazy Yiuf (D:4)
  8 centaur skeletons
  6 iguanas
  7 worker ants
  27 orc wizards
  A killer bee zombie (D:7)
  28 sheep
  A hound zombie (D:10)
  A hound skeleton (D:10)
  A howler monkey skeleton (D:11)
  A worker ant zombie (D:11)
  30 adders
  35 river rats
  5 shadow imps
  4 oozes
  An adder skeleton (D:6)
  3 worms
  3 dart slugs
  5 giant geckos
  101 orcs
  13 bats
  6 giant cockroaches
  7 goblins
  13 hobgoblins
  11 jackals
  15 kobolds
  6 quokkas
  A giant gecko skeleton (D:6)
  3 giant newts
  A jackal skeleton (D:4)
  7 rats
  A plant (Lair:3)
1063 creatures vanquished.

Vanquished Creatures (collateral kills)
  An orc (D:8)
1 creature vanquished.

Vanquished Creatures (others)
  A hill giant (D:15)
  A lightning spire (D:15)
  4 bushes
  25 fungi
  27 plants
58 creatures vanquished.

Grand Total: 1122 creatures vanquished

Notes
Turn   | Place    | Note
--------------------------------------------------------------
     0 | D:1      | Moloch the Spriggan Enchanter began the quest for the Orb.
     0 | D:1      | Reached XP level 1. HP: 9/9 MP: 5/5
   218 | D:1      | Reached skill level 5 in Stealth
   218 | D:1      | Reached XP level 2. HP: 13/13 MP: 7/7
   222 | D:1      | Learned a level 2 spell: Ensorcelled Hibernation
   796 | D:1      | Reached XP level 3. HP: 11/16 MP: 4/8
  1384 | D:2      | Reached skill level 6 in Stealth
  1430 | D:2      | Learned a level 3 spell: Confuse
  1434 | D:2      | Learned a level 3 spell: Tukima's Dance
  1502 | D:2      | Reached XP level 4. HP: 21/21 MP: 10/10
  1618 | D:2      | Found a sacrificial altar of Ru.
  1841 | D:2      | Found a blossoming altar of Fedhas.
  2080 | D:3      | Reached XP level 5. HP: 24/24 MP: 3/12
  2101 | D:3      | Noticed Moloch's ghost (amateur SpEn)
  2143 | D:3      | Reached skill level 1 in Ice Magic
  2653 | D:3      | Learned a level 3 spell: Dazzling Spray
  2659 | D:3      | Found a radiant altar of Vehumet.
  3204 | D:3      | Reached skill level 7 in Stealth
  3357 | D:4      | Reached skill level 5 in Spellcasting
  3373 | D:4      | Reached XP level 6. HP: 28/28 MP: 12/14
  3380 | D:4      | Learned a level 2 spell: Blink
  3500 | D:4      | Found Boeq's General Store.
  3506 | D:4      | Bought a bread ration for 65 gold pieces
  3506 | D:4      | Bought a scroll of identify for 26 gold pieces
  3506 | D:4      | Bought a scroll of fear for 45 gold pieces
  3506 | D:4      | Bought a bread ration for 65 gold pieces
  3640 | D:4      | Found a shimmering altar of Xom.
  3640 | D:4      | Found a snail-covered altar of Cheibriados.
  3755 | D:4      | Noticed Crazy Yiuf
  3762 | D:4      | Killed Crazy Yiuf
  3960 | D:5      | Entered Level 5 of the Dungeon
  3972 | D:5      | Found a bloodstained altar of Trog.
  4168 | D:5      | Found a stormy altar of Qazlal.
  4256 | D:5      | Found Giarhog's Jewellery Shop.
  4266 | D:5      | Reached skill level 8 in Stealth
  4286 | D:5      | Noticed a sky beast
  4296 | D:5      | Killed a sky beast
  4296 | D:5      | Reached skill level 5 in Hexes
  4296 | D:5      | Reached XP level 7. HP: 17/32 MP: 13/17
  4544 | D:5      | Got a bloodstained buckler
  4550 | D:5      | Identified the +3 buckler "Xoklon" {rPois rCorr Dex-2} (You found it on level 5 of the Dungeon)
  5071 | D:5      | Reached skill level 9 in Stealth
  5118 | D:6      | Found Veaclu Qito's Book Emporium.
  5196 | D:6      | Found an iron altar of Okawaru.
  5307 | D:6      | Reached XP level 8. HP: 23/36 MP: 12/19
  5460 | D:6      | Noticed Eustachio
  5482 | D:6      | Found a staircase to the Ecumenical Temple.
  5585 | Temple   | Entered the Ecumenical Temple
  5639 | Temple   | Became a worshipper of Gozag Ym Sagoz the Greedy
  5685 | D:6      | Killed Eustachio
  5746 | D:6      | Reached skill level 10 in Stealth
  6773 | D:8      | Found a shadowy altar of Dithmenos.
  6804 | D:8      | Reached skill level 11 in Stealth
  6814 | D:8      | Reached XP level 9. HP: 38/39 MP: 14/23
  6991 | D:8      | Found a staircase to the Lair.
  7136 | D:8      | Noticed Erica
  7156 | D:8      | Killed Erica
  7156 | D:8      | Reached skill level 10 in Spellcasting
  7750 | D:9      | Noticed Grum
  7759 | D:9      | Reached skill level 1 in Fighting
  7775 | D:9      | Killed Grum
  7775 | D:9      | Reached skill level 12 in Stealth
  7775 | D:9      | Reached XP level 10. HP: 45/45 MP: 21/26
  8821 | D:10     | Entered Level 10 of the Dungeon
  9248 | D:10     | Found a portal to a secret trove of treasure.
  9286 | D:10     | Noticed an unseen horror
  9288 | D:10     | Killed an unseen horror
  9291 | D:10     | Reached skill level 13 in Stealth
  9977 | D:10     | Noticed a three-headed hydra
 10082 | D:10     | Found Rilehayw's General Store.
 10165 | D:10     | Noticed Josephine
 10167 | D:10     | Reached skill level 14 in Stealth
 10170 | D:10     | Killed Josephine
 10170 | D:10     | Reached skill level 5 in Short Blades
 10170 | D:10     | Reached XP level 11. HP: 49/49 MP: 28/28
 10363 | D:6      | Bought a book of Annihilations for 1214 gold pieces
 10373 | D:6      | Learned a level 9 spell: Glaciate
 10541 | D:10     | You paid a toll of a book of Annihilations to enter a treasure trove
 10542 | Trove    | Entered a treasure trove
 10565 | Trove    | Got a slimy hat
 10571 | Trove    | Identified the +0 hat "Exzirung" {rPois} (You found it in a treasure trove)
 10576 | Trove    | Got a faintly glowing cloak
 10587 | Trove    | Identified the +0 cloak "Hysumel" {SInv} (You found it in a treasure trove)
 10598 | Trove    | Got a crude hat
 10609 | Trove    | Identified the +1 hat of the Wild Haggis {Str+4} (You found it in a treasure trove)
 10615 | Trove    | Got an encrusted buckler
 10621 | Trove    | Identified the +3 buckler of Pragmatism {+Fly rC+ MP+9} (You found it in a treasure trove)
 10703 | Trove    | Got a wavering gossamer ring
 10706 | Trove    | Identified the ring of Zosch {*Confuse +Blink rElec Str+8 Stlth+} (You found it in a treasure trove)
 10932 | D:10     | Noticed a hill giant
 10935 | D:10     | Killed a hill giant
 11040 | D:10     | Reached skill level 5 in Dodging
 11144 | D:10     | Killed a three-headed hydra
 11264 | Lair:1   | Entered Level 1 of the Lair of Beasts
 11330 | Lair:1   | Reached skill level 10 in Hexes
 11410 | Lair:1   | Reached skill level 15 in Stealth
 12396 | Lair:1   | Noticed Fannar
 12414 | Lair:1   | Killed Fannar
 12414 | Lair:1   | Reached skill level 16 in Stealth
 12478 | Lair:2   | Noticed an eight-headed hydra
 12484 | Lair:2   | Killed an eight-headed hydra
 12684 | Lair:2   | Reached XP level 12. HP: 28/54 MP: 15/29
 13683 | Lair:3   | Found a staircase to the Snake Pit.
 14059 | Lair:4   | Reached skill level 17 in Stealth
 14291 | Lair:4   | Got a translucent platinum amulet
 14292 | Lair:4   | Identified an amulet of the Purple Skies {Dismiss Int+3 SInv} (You found it on level 4 of the Lair of Beasts)
 15200 | Lair:5   | Noticed a seven-headed hydra
 15293 | Lair:5   | Found a frozen archway.
 15393 | IceCv    | Entered an ice cave
 15456 | IceCv    | Reached skill level 18 in Stealth
 15456 | IceCv    | Reached XP level 13. HP: 61/61 MP: 22/31
 15795 | IceCv    | Noticed a frost giant
 15830 | IceCv    | Killed a frost giant
 16634 | Lair:5   | Reached skill level 5 in Fighting
 17635 | Lair:6   | Found a staircase to the Swamp.
 18680 | Lair:7   | Reached skill level 1 in Shields
 18772 | Lair:7   | Reached skill level 19 in Stealth
 18895 | Lair:7   | Gained mutation: You are resistant to electric shocks. [potion of mutation]
 18895 | Lair:7   | Gained mutation: You are frail (-10% HP). [potion of mutation]
 18895 | Lair:7   | Gained mutation: You have a pair of small horns on your head. [potion of mutation]
 18896 | Lair:7   | Gained mutation: Your spells are a little harder to cast, but a little more powerful. [potion of mutation]
 18897 | Lair:7   | Gained mutation: Your magical capacity is low (-10% MP). [potion of mutation]
 18897 | Lair:7   | Gained mutation: You have a pair of horns on your head. [potion of mutation]
 19251 | Lair:8   | Entered Level 8 of the Lair of Beasts
 19573 | Lair:8   | Reached XP level 14. HP: 45/61 MP: 19/30
 20022 | Lair:8   | Found a runed door.
 20026 | Lair:8   | Found a viscous altar of Jiyva.
 20480 | Lair:8   | Found a staircase to the Slime Pits.
 22538 | D:11     | Noticed Harold
 22561 | D:11     | Killed Harold
 22578 | D:11     | Reached skill level 20 in Stealth
 22844 | D:11     | Reached skill level 15 in Spellcasting
 23248 | D:11     | Noticed Maud
 23255 | D:11     | Killed Maud
 23255 | D:11     | Reached skill level 15 in Hexes
 24029 | D:11     | Found Cusigoal's Assorted Antiques.
 24032 | D:11     | Bought a scroll labeled TEME LANAF for 18 gold pieces
 24034 | D:11     | Bought a scroll of blinking for 135 gold pieces
 24084 | D:11     | Noticed Urug
 24152 | D:12     | Found a staircase to the Orcish Mines.
 24159 | D:12     | Found a roughly hewn altar of Beogh.
 24333 | D:11     | Killed Urug
 24376 | Orc:1    | Entered Level 1 of the Orcish Mines
 24376 | Orc:1    | Found Bigruh's Food Shop.
 24389 | Orc:1    | Bought a slice of pizza for 19 gold pieces
 24389 | Orc:1    | Bought a slice of pizza for 19 gold pieces
 24430 | Orc:1    | Reached XP level 15. HP: 64/64 MP: 31/31
 24790 | Orc:2    | Entered Level 2 of the Orcish Mines
 25514 | Orc:2    | Found Qokh's Antique Weapon Emporium.
 25563 | Orc:2    | Found a roughly hewn altar of Beogh.
 25805 | Orc:2    | Found Inniqum's Assorted Antiques.
 26515 | Orc:2    | Found Siotiot's Food Shop.
 26560 | Orc:2    | Found Oruuc's Weapon Boutique.
 26676 | Orc:2    | Noticed an orc warlord
 26735 | Orc:2    | Reached skill level 21 in Stealth
 26769 | Orc:2    | Killed an orc warlord
 27138 | Orc:2    | Found a staircase to the Elven Halls.
 27468 | Orc:2    | Found a roughly hewn altar of Beogh.
 27776 | Orc:2    | Bought a potion of heal wounds for 80 gold pieces
 27778 | Orc:2    | Bought 2 potions of cure mutation for 900 gold pieces
 27780 | Orc:2    | Bought an opalescent robe for 188 gold pieces
 27780 | Orc:2    | Bought the +3 crown of Dyrovepreva {rElec Int+2 SInv} for 1366 gold pieces
 27780 | Orc:2    | Bought a runed buckler for 148 gold pieces
 27790 | Orc:2    | Identified the cursed +0 robe "Rehiuse" {-Cast Dex+9} (You bought it in a shop on level 2 of the Orcish Mines)
 27844 | Orc:2    | Learned a level 2 spell: Sublimation of Blood
 27896 | Orc:2    | Bought a bread ration for 65 gold pieces
 27896 | Orc:2    | Bought a bread ration for 65 gold pieces
 27896 | Orc:2    | Bought a bread ration for 65 gold pieces
 27896 | Orc:2    | Bought a bread ration for 65 gold pieces
 28389 | D:12     | Upgraded the game from 0.18-a0-1784-ga939a68 to 0.18-a0-1788-g92de1ac
 28941 | D:13     | You fall through a shaft for 2 floors!
 28941 | D:15     | Entered Level 15 of the Dungeon
 29396 | D:14     | Reached skill level 10 in Short Blades
 29396 | D:14     | Reached skill level 1 in Conjurations
 29581 | D:14     | Reached skill level 5 in Ice Magic
 29726 | D:14     | Found a gate to the Vaults.
 29862 | D:14     | Noticed Nessos
 29877 | D:14     | Killed Nessos
 31271 | D:15     | Reached XP level 16. HP: 71/71 MP: 33/33
 31789 | D:15     | Reached skill level 22 in Stealth
 32094 | D:15     | Found a staircase to the Depths.
 32510 | D:15     | Got a shimmering pewter ring
 32594 | D:15     | Identified the ring "Doagec" {rPois rN+ Dex+4} (You took it off a salamander on level 15 of the Dungeon)
 32679 | D:15     | Gained mutation: You are resistant to hostile enchantments. [potion of mutation]
 32679 | D:15     | Lost mutation: Your spells are a little harder to cast, but a little more powerful. [potion of mutation]
 32680 | D:15     | Gained mutation: Your flesh is heat resistant. [potion of mutation]
 32681 | D:15     | Gained mutation: You are partially covered in large bone plates (AC +2, SH +2). [potion of mutation]
 32681 | D:15     | Lost mutation: You have a pair of horns on your head. [potion of mutation]
 32682 | D:15     | Gained mutation: Your movements are slightly less encumbered by armour (ER -2). [potion of beneficial mutation]
 32883 | D:15     | Found an oddly glowing altar of Pakellas.
 33179 | Snake:1  | Entered Level 1 of the Snake Pit
 33486 | Snake:1  | Found a snail-covered altar of Cheibriados.
 33563 | Snake:1  | Noticed Rupert
 33609 | Snake:1  | Killed Rupert
 33724 | Snake:1  | Bought a bread ration for 65 gold pieces
 33724 | Snake:1  | Bought 2 fruits for 39 gold pieces
 33724 | Snake:1  | Bought a bread ration for 65 gold pieces
 33724 | Snake:1  | Bought a slice of pizza for 19 gold pieces
 33724 | Snake:1  | Bought a slice of pizza for 19 gold pieces
 33724 | Snake:1  | Bought a slice of pizza for 19 gold pieces
 33724 | Snake:1  | Bought a royal jelly for 26 gold pieces
 33724 | Snake:1  | Bought a royal jelly for 26 gold pieces
 33974 | Orc:1    | Bought a bread ration for 65 gold pieces
 33974 | Orc:1    | Bought a bread ration for 65 gold pieces
 33974 | Orc:1    | Bought a bread ration for 65 gold pieces
 34073 | D:8      | Fell from the grace of Gozag
 34073 | D:8      | Became a worshipper of Dithmenos the Shadowed
 34226 | Depths:1 | Entered Level 1 of the Depths
 34281 | Depths:1 | Reached skill level 23 in Stealth
 35358 | Snake:2  | HP: 3/72 [anaconda (1)]
 35360 | Snake:2  | HP: 1/72 [anaconda (2)]
 35361 | Snake:2  | Slain by an anaconda

Vault maps used:
D:1:      scummos_arrival_simple_fountains, hangedman_feature_mirror,
          lemuel_another_geyser
D:2:      fedhas_altar_fruit_tree, first_bread, nicolae_ru_sacrificial_ziggurat
D:3:      lemuel_round_altar
D:4:      gammafunk_temple_overflow_wave, serial_shops,
          nicolae_shop_temple_entry_statues_fountains, uniq_crazy_yiuf_cottage
D:5:      old_standard_altar, lemuel_crystal_altar, serial_shops,
          shop_fountains, kennysheep_generic_room_13
D:6:      minmay_temple_entry_trees, serial_shops, nicolae_shop_stone,
          okawaru_metal_pillars_1_2, uniq_eustachio
D:8:      nicolae_dithmenos_through_a_glass_darkly, minmay_lair_entry_lava,
          uniq_erica
D:9:      uniq_grum
D:10:     kennysheep_ambush_hall, serial_shops, shop, enter_trove_6,
          hangedman_ranch, uniq_josephine
D:11:     kennysheep_windowed_halls, serial_shops, kennysheep_mini,
          grunt_potential, uniq_urug, uniq_maud, uniq_harold
D:12:     minmay_orc_entry_temple_small
D:13:     onia_ninara_dug_in_and_dangerous
D:14:     forest_paths, david_vaults_2, uniq_nessos
D:15:     hangedman_depths_entry_civil_slaughter, nicolae_wwwww,
          stair_cage_cross, gammafunk_pakellas_spire_experiment
Temple:   nicolae_temple_god_jail
Lair:1:   beast_lair_carwin_10, uniq_fannar
Lair:3:   minmay_snake_entry_guardpost_small
Lair:4:   minmay_lair_venomous_thicket
Lair:5:   portal_ice_cave_entry_pillars_01, infiniplex_staircase_pool,
          grunt_megastairs_5
Lair:6:   swamp_mist_pool
Lair:7:   serial_bayou_pond_b, lemuel_fruit_tree
Lair:8:   minmay_lair_end_enchanted_forest, slime_altar_2
Snake:1:  basic_altar, uniq_rupert
Snake:2:  guppyfry_snake_island
Orc:1:    serial_shops, shop
Orc:2:    pubby_orc_utopia
Depths:1: lightli_too_deep, grunt_decor_clamped, ice2_lemuel
Trove:    trove_dig
IceCv:    ice_cave_small_giant

Skill      XL: |  1  2  3  4  5  6  7  8  9 10 11 12 13 14 15 16 |
---------------+-------------------------------------------------+-----
Spellcasting   | 3 4 5 6 7 9 11 12 13 14 15 16 | 16.5
Stealth        | 5 6 7 8 9 11 12 14 16 18 19 20 21 23 | 23.1
Hexes          | 4 5 6 8 9 10 12 13 15 | 15.6
Ice Magic      | 1 2 3 4 5 |  5.8
Short Blades   | 2 5 6 8 9 10 11 | 11.3
Fighting       | 1 2 4 5 6 7 |  7.7
Dodging        | 4 6 7 8 |  8.8
Shields        | 2 3 4 |  4.0
Conjurations   | 2 |  2.9

Action                   |  1- 3 |  4- 6 |  7- 9 | 10-12 | 13-15 | 16-18 || total
-------------------------+-------+-------+-------+-------+-------+-------++-------
Melee: Dagger            |   117 |   189 |   156 |   339 |  1091 |   260 ||  2152
       Headbutt          |       |       |       |       |   143 |    64 ||   207
 Cast: Corona            |     6 |    20 |    26 |     4 |     3 |       ||    59
       Ensorcelled Hiber |     5 |    12 |    65 |   185 |   279 |    35 ||   581
       Confuse           |       |     6 |    17 |    33 |   225 |    62 ||   343
       Tukima's Dance    |       |       |     5 |       |     7 |       ||    12
       Dazzling Spray    |       |       |       |       |       |     5 ||     5
Invok: Call Merchant     |       |       |       |       |     4 |     1 ||     5
Evoke: Wand              |       |       |       |    13 |     1 |       ||    14
  Use: Potion            |     1 |     2 |       |       |     4 |     7 ||    14
       Scroll            |       |       |     1 |    13 |    27 |       ||    41
 Stab: Sleeping          |    16 |    23 |    47 |   149 |   243 |    38 ||   516
       Distracted        |     1 |     1 |     4 |     2 |    31 |    13 ||    52
       Confused          |       |     3 |     9 |    19 |   114 |    28 ||   173
       Petrifying        |       |       |       |       |     1 |       ||     1
  Eat: Fruit             |       |     1 |     1 |     2 |     5 |       ||     9
       Royal jelly       |       |     1 |     1 |       |     1 |     2 ||     5
       Pizza             |       |       |       |     3 |     7 |     2 ||    12
Armor: Robe              |    31 |    30 |    13 |    10 |    21 |    13 ||   118
Dodge: Dodged            |   105 |   131 |    78 |   147 |   338 |   115 ||   914
Block: Buckler           |       |       |       |    50 |   216 |    79 ||   345
